[Event "Late-Titled-Tuesday-Blitz-January-16-2024"]
[Site "Chess.com"]
[Date "2024.01.16"]
[Round "10"]
[White "JaackCamel"]
[Black "Akhayan"]
[Result "0-1"]
[WhiteElo "2161"]
[BlackElo "2358"]
[TimeControl "180+1"]
[EndTime "15:56:36 PST"]
[Termination "Akhayan won on time"]

1. d4 a6 2. c4 e6 3. e4 d5 4. cxd5 exd5 5. e5 c5 6. Nf3 Nc6 7. Bd3 cxd4 8. O-O Nge7 9. Bg5 h6 10. Bh4 g5 11. Bg3 Bg7 12. Re1 O-O 13. a3 Bf5 14. h3 Qd7 15. Bf1 Rac8 16. Nbd2 b5 17. Nb3 Qa7 18.
Nbxd4 Nxd4 19. Nxd4 Bg6 20. Qd2 Rfd8 21. Rac1 Qb6 22.
Rxc8 Rxc8 23. Nf3 Be4 24. Nd4 Bg6 25. Kh2 Qc5 26. f4 gxf4 27. Bxf4 Kh7 28. Bg3 Nf5 29.
Nxf5 Bxf5 30. Bd3 Bg6 31. e6 fxe6 32. Bxg6+ Kxg6 33. Rxe6+ Kh7 34. Qd3+ Kh8 35. Qg6 Qf8 36. Rxa6 d4 37. Ra7 Rd8 38. Be5 Bxe5+ 39. Kh1 Bg7 0-1

[Event "Late-Titled-Tuesday-Blitz-January-16-2024"]
[Site "Chess.com"]
[Date "2024.01.16"]
[Round "10"]
[White "Byniolus"]
[Black "HaryKane"]
[Result "1-0"]
[WhiteElo "2769"]
[BlackElo "2577"]
[TimeControl "180+1"]
[EndTime "15:56:37 PST"]
[Termination "Byniolus won by resignation"]

1. Nf3 Nf6 2. d4 g6 3. Bf4 Bg7 4.
e3 O-O 5. Be2 d6 6. h3 b6 7. O-O Bb7 8. c3 Nbd7 9. a4 Re8 10.
a5 a6 11. axb6 Nxb6 12. Bh2 Nfd7 13. Nbd2 e5 14. Qb3 Rb8 15. Rfd1 c5 16. Bf1 Qe7 17. dxe5 dxe5 18. Bxa6 Ba8 19. Bb5 Red8 20. c4 Rbc8 21. Ra7 Qf6 22. e4 h6 23. Rda1 Bc6 24. Bg3 Qe6 25.
Bxc6 Qxc6 26. R1a6 Rb8 27. Qa3 Qd6 28. Qa5 Nf8 29. Nf1 Ne6 30. Ne3 Nd4 31. Nxd4 cxd4 32. Nd5 Nxc4 33. Rxd6 Nxa5 34. Rxd8+ Rxd8 35. Rxa5 Rb8 36. b4 f5 37. exf5 gxf5 38. Ne7+ Kh7 39. Nxf5 e4 40.
Bxb8 d3 41. Bf4 1-0

[Event "Late-Titled-Tuesday-Blitz-January-16-2024"]
[Site "Chess.com"]
[Date "2024.01.16"]
[Round "10"]
[White "KNVB"]
[Black "jmpion"]
[Result "0-1"]
[WhiteElo "2686"]
[BlackElo "2548"]
[TimeControl "180+1"]
[EndTime "15:56:42 PST"]
[Termination "jmpion won on time"]

1. d4 d5 2. Bf4 c5 3. e3 cxd4 4. exd4 Nc6 5. c3 Nf6 6. Bd3 g6 7. Nf3 Bg7 8. h3 O-O 9. O-O Bf5 10. Bxf5 gxf5 11. Ne5 Nd7 12. Nd3 f6 13. Qh5 e5 14.
Qxf5 exf4 15. Qxd5+ Kh8 16. Nxf4 Nb6 17. Qxd8 Rfxd8 18. Ne6 Rd6 19. Nc5 f5 20. Nxb7 Rg6 21. Nd2 Na4 22.
Nc4 Rb8 23. Nbd6 Nxb2 24. Nxb2 Rxd6 25. Nc4 Rg6 26. Rab1 Rg8 27. Kh1 Ne7 28. Rb7 Nd5 29. Ne3 Nxe3 30. fxe3 Rf6 31. Rc7 a6 32. Rb7 Re8 33.
Rf3 Bh6 34. Rc7 Bxe3 35. g3 f4 36. Kg2 Rg6 37. Kf1 Rxg3 38. Rxg3 fxg3 39. Kg2 Bf4 40. Kf3 Bxc7 0-1

[Event "Late-Titled-Tuesday-Blitz-January-16-2024"]
[Site "Chess.com"]
[Date "2024.01.16"]
[Round "10"]
[White "sansanathalia"]
[Black "OYAcosta"]
[Result "1-0"]
[WhiteElo "2380"]
[BlackElo "2155"]
[TimeControl "180+1"]
[EndTime "15:56:42 PST"]
[Termination "sansanathalia won by resignation"]

1. d4 d5 2. Nf3 Nf6 3. e3 Bf5 4. Be2 e6 5. O-O Bd6 6. b3 Nbd7 7. Bb2 c6 8. Nbd2 Qc7 9. c4 h5 10. c5 Be7 11. b4 Ne4 12. Nxe4 Bxe4 13. Ne5 Nxe5 14. dxe5 h4 15. f3 Bg6 16. f4 Be4 17.
Bd3 Bxd3 18. Qxd3 O-O-O 19. a4 g5 20. f5 g4 21. fxe6 fxe6 22. Rf7 Rdf8 23. Raf1 Qd8 24. Qg6 Rxf7 25. Rxf7 Re8 26. Qxe6+ Kb8 27. Qxg4 Rg8 28. Qf5 Bg5 29. Bd4 a6 30. e6 h3 31. g3 Be7 32.
Qxh3 a5 33. Qh7 Re8 34. Bf6 Bxf6 35. Rxb7+ Kc8 36. Ra7 Re7 37. Ra8+ Kc7 38. Rxd8 Rxh7 39. Ra8 Kb7 40. Rf8 Be7 41. Rf4 axb4 42. Rxb4+ Ka6 43.
Rb6+ Ka5 44. Rxc6 Kxa4 45. Rc7 Kb5 46. Kg2 Kc4 47. g4 Kd3 48. Rd7 Ke4 49. c6 Rg7 50. h3 Ke5 51. c7 Rg8 52. Rxe7 Kd6 53. Rd7+ Kxe6 54. Rd8 1-0

[Event "Late-Titled-Tuesday-Blitz-January-16-2024"]
[Site "Chess.com"]
[Date "2024.01.16"]
[Round "10"]
[White "only_strong_moves"]
[Black "ATM622"]
[Result "1/2-1/2"]
[WhiteElo "2566"]
[BlackElo "2485"]
[TimeControl "180+1"]
[EndTime "15:56:44 PST"]
[Termination "Game drawn by repetition"]

1. d4 Nf6 2. Nc3 d5 3. Bf4 e6 4. Nb5 Na6 5. e3 c6 6. Nc3 Bb4 7. Ne2 O-O 8. a3 Ba5 9. b4 Bc7 10. Ng3 Bxf4 11. exf4 Qd6 12. Qf3 Nc7 13. Bd3 a5 14.
bxa5 Rxa5 15. O-O Kh8 16. a4 Qb4 17. Nge2 Qd6 18. Rab1 c5 19. Bb5 cxd4 20. Nxd4 e5 21. fxe5 Qxe5 22. Nce2 Ne4 23. Rfd1 Ne6 24. Nxe6 Bxe6 25.
Rb4 h5 26. Nf4 Bg4 27. Ng6+ fxg6 28. Qxf8+ Kh7 29. Re1 Qc3 30. Re3 Qa1+ 31. Bf1 Nd2 32. h3 Qxf1+ 33. Kh2 Qc1 34. Re8 Nf1+ 35. Kg1 Ng3+ 36.
Kh2 Nf1+ 37. Kg1 Ne3+ 38. Kh2 Nf1+ 1/2-1/2

[Event "Late-Titled-Tuesday-Blitz-January-16-2024"]
[Site "Chess.com"]
[Date "2024.01.16"]
[Round "10"]
[White "BozeKat"]
[Black "GAusal"]
[Result "0-1"]
[WhiteElo "2102"]
[BlackElo "2254"]
[TimeControl "180+1"]
[EndTime "15:56:44 PST"]
[Termination "GAusal won on time"]

1. d4 d5 2. c4 c6 3. Nf3 dxc4 4. a4 Nf6 5. e3 Bg4 6. Bxc4 e6 7.
O-O Nbd7 8. Bd2 Bh5 9. b4 Bd6 10. Na3 O-O 11. Be2 Nb6 12. a5 Nbd5 13. Rb1 Ne4 14. Nc4 Ndc3 15. Bxc3 Nxc3 16. Qb3 Nxb1 17.
Rxb1 Bc7 18. Ncd2 Qd5 19. Bc4 Qf5 20. Bd3 Qf6 21. e4 Bf4 22. Qc2 Qd8 23. Qc4 Bxd2 24. Nxd2 b6 25. a6 Qd7 26. Nb3 Rad8 27. Re1 e5 28.
Rc1 Bg4 29. Qxc6 Qxc6 30. Rxc6 exd4 31. f3 Be6 32. Nd2 Rd7 33. Bb5 Rfd8 34. f4 Re7 35.
f5 Bd7 36. Kf2 Bxc6 37. Bxc6 Rc7 38. b5 Rd6 0-1

[Event "Late-Titled-Tuesday-Blitz-January-16-2024"]
[Site "Chess.com"]
[Date "2024.01.16"]
[Round "10"]
[White "C_K_G"]
[Black "Too_Stupid_To_Play"]
[Result "1-0"]
[WhiteElo "2098"]
[BlackElo "2295"]
[TimeControl "180+1"]
[EndTime "15:56:45 PST"]
[Termination "C_K_G won by resignation"]

1. e4 c6 2. Nf3 d5 3. Nc3 Bg4 4. exd5 cxd5 5. Bb5+ Nc6 6. d4 a6 7. Bxc6+ bxc6 8. h3 Bh5 9. Qd3 Bg6 10. Qe2 e6 11. Ne5 Qb6 12. O-O Qxd4 13. Nxc6 Qb6 14. Ne5 Bd6 15.
Nxd5 Qb5 16. c4 Qb8 17. Nxg6 hxg6 18. Bg5 Be5 19. Rfe1 Bf6 20. Bf4 e5 21. Bxe5 Bxe5 22. Qxe5+ Qxe5 23. Rxe5+ Kf8 24. c5 Nf6 25. Nxf6 gxf6 26.
Rd5 Kg7 27. b4 Rhc8 28. a4 Rab8 29. Rb1 f5 30. b5 axb5 31. axb5 Kf6 32. b6 Ke6 33.
Rbd1 Rc6 34. Rd6+ Rxd6 35. Rxd6+ Ke7 36. Rc6 Kd7 37. Rc7+ Ke6 38. b7 Kd5 39. c6 Kd6 40.
Rc8 1-0

[Event "Late-Titled-Tuesday-Blitz-January-16-2024"]
[Site "Chess.com"]
[Date "2024.01.16"]
[Round "10"]
[White "CamillaEffect"]
[Black "chegueps"]
[Result "0-1"]
[WhiteElo "2569"]
[BlackElo "2691"]
[TimeControl "180+1"]
[EndTime "15:56:47 PST"]
[Termination "chegueps won by checkmate"]

1. e4 Nf6 2. Nc3 d5 3. exd5 Nxd5 4. Bc4 e6 5. d4 Nxc3 6. bxc3 Be7 7. Nf3 O-O 8. O-O Nd7 9. Bf4 Nb6 10. Bd3 Bd7 11. Ne5 Be8 12. Qh5 g6 13. Qf3 f6 14.
Ng4 Nd5 15. Bd2 Bc6 16. Qh3 f5 17. Ne5 Bg5 18. f4 Bf6 19. Nxc6 bxc6 20. Rab1 Rb8 21. Qf3 Qd6 22. Qe2 Kf7 23. Rb3 c5 24. Rfb1 Rxb3 25. Rxb3 cxd4 26. cxd4 Bxd4+ 27. Kh1 Nxf4 28. Bxf4 Qxf4 29.
Bc4 Be5 30. g3 Qd4 31. Re3 Kf6 32. c3 Qc5 33. Bb3 Rd8 34. Kg2 a5 35. h3 Rd6 36. g4 h6 37. Kf3 Qc6+ 38. Kf2 Bf4 39. Rf3 e5 40. Rd3 Qh1 41. Rxd6+ cxd6 42. Qa6 e4 43.
Qc4 e3+ 44. Ke2 Qg2+ 45. Ke1 Qf2+ 46. Kd1 Qd2# 0-1

[Event "Late-Titled-Tuesday-Blitz-January-16-2024"]
[Site "Chess.com"]
[Date "2024.01.16"]
[Round "10"]
[White "GMJustin"]
[Black "SergioMoralesG"]
[Result "0-1"]
[WhiteElo "2349"]
[BlackElo "2470"]
[TimeControl "180+1"]
[EndTime "15:56:47 PST"]
[Termination "SergioMoralesG won on time"]

1. d4 d5 2. c4 c6 3. Nf3 Nf6 4. e3 Bf5 5. Be2 e6 6. O-O h6 7. Nbd2 Nbd7 8. b3 a5 9. Bb2 a4 10. c5 a3 11. Bc3 Be7 12. b4 O-O 13. b5 Ne4 14. Nxe4 Bxe4 15. Nd2 Bg6 16. Qb3 e5 17. f4 exd4 18. exd4 Bf6 19. f5 Bh7 20. b6 Qe7 21. Rf2 Nxc5 22. dxc5 d4 23. Bb4 d3 24.
Re1 dxe2 25. Rfxe2 Bd4+ 26. Kh1 Qf6 27. Nf3 Bxf5 28.
Nxd4 Qxd4 29. Qc3 Qxc3 30. Bxc3 Be6 31. h3 Ra4 32. Rd2 Rc4 33. Bd4 Rd8 34. Red1 Rd5 35.
Be3 Rxd2 36. Rxd2 Rc1+ 37. Kh2 Ra1 38. Bd4 Rxa2 39. Rxa2 Bxa2 40. Bc3 Bd5 41. Kg3 g5 42. Kf2 f5 43. g3 Kf7 44. Ke3 Ke6 45. Ba1 Bg2 0-1

[Event "Late-Titled-Tuesday-Blitz-January-16-2024"]
[Site "Chess.com"]
[Date "2024.01.16"]
[Round "10"]
[White "Zampronha1971"]
[Black "th3d4rkness"]
[Result "1-0"]
[WhiteElo "2328"]
[BlackElo "2127"]
[TimeControl "180+1"]
[EndTime "15:56:47 PST"]
[Termination "Zampronha1971 won by resignation"]

1. e4 c5 2. Nf3 Nc6 3. d4 cxd4 4. Nxd4 Nf6 5. Nc3 e5 6. Ndb5 d6 7. Bg5 a6 8. Na3 b5 9. Nd5 Qa5+ 10. Bd2 Qd8 11. Nxf6+ Qxf6 12. c4 b4 13. Nc2 a5 14.
Bd3 Qg6 15. O-O Be7 16. Ne3 Be6 17. Nf5 Bxf5 18. exf5 Qf6 19. Be4 Rc8 20. Qa4 Kd7 21. c5 dxc5 22. Rfd1 Bd6 23. Be3 Rhd8 24. Bxc5 Ke7 25.
Rxd6 Rxd6 26. Bxc6 Qxf5 27. Rd1 Rd8 28. Qb3 Qe6 29. Qxe6+ Kxe6 30. Rxd6+ Rxd6 31. Bxd6 Kxd6 32. Ba4 Kc5 33. Bb3 f6 34. Kf1 Kd4 35. Ke2 f5 36. Bc2 g6 37. Bb3 h6 38. h4 g5 39. h5 e4 40. Bc2 f4 41. Bb3 Ke5 42. g3 Kd4 43. Ba4 Ke5 44. Bc6 Kd4 45. Bb7 Ke5 46. g4 Kd4 47.
Kd2 Ke5 48. f3 e3+ 49. Kd3 Kd6 50. Ba6 Kc5 51. Ke4 a4 52. Kf5 a3 53. bxa3 bxa3 54. Kg6 Kd4 55. Kxh6 Kc3 56. Kxg5 Kb2 57. h6 Kxa2 58. h7 Kb1 59. Bd3+ Kc1 60. h8=Q Kd2 61. Bc4 a2 62. Qa1 1-0

[Event "Late-Titled-Tuesday-Blitz-January-16-2024"]
[Site "Chess.com"]
[Date "2024.01.16"]
[Round "10"]
[White "santosalberto1987"]
[Black "ozates"]
[Result "1-0"]
[WhiteElo "2509"]
[BlackElo "2588"]
[TimeControl "180+1"]
[EndTime "15:56:49 PST"]
[Termination "santosalberto1987 won by resignation"]

1. e4 c5 2. Nf3 Nc6 3. Nc3 d6 4. d4 cxd4 5. Nxd4 e5 6. Ndb5 a6 7.
Na3 b5 8. Nd5 Nge7 9. c4 Nd4 10.
Nc2 Nxd5 11. cxd5 Nxc2+ 12. Qxc2 Bd7 13. Bd3 Rc8 14. Qe2 Be7 15. O-O O-O 16. Be3 g6 17.
Rfc1 f5 18. f3 Bg5 19. Rxc8 Bxc8 20. Rc1 fxe4 21. Bxe4 Bf5 22. Qd2 Bh4 23. Bxf5 gxf5 24. Rc6 f4 25. Bf2 Bg5 26. Qb4 Be7 27. Rxa6 Qe8 28.
Ra7 Qf7 29. Bh4 Qxd5 30. Rxe7 Rc8 31. Qb3 Rc4 32. h3 Kf8 33. Rc7 Qd4+ 34. Bf2 Qd5 35. Rxc4 bxc4 36. Qc3 Qd1+ 37. Kh2 Qd5 38. a4 Ke7 39. a5 Ke6 40. a6 Qc6 41. a7 d5 42.
Qb4 d4 43. Qb8 d3 44. a8=Q Qxa8 45. Qxa8 d2 1-0

[Event "Late-Titled-Tuesday-Blitz-January-16-2024"]
[Site "Chess.com"]
[Date "2024.01.16"]
[Round "10"]
[White "HajiyevKanan"]
[Black "DeArron_Fox"]
[Result "1-0"]
[WhiteElo "2567"]
[BlackElo "2451"]
[TimeControl "180+1"]
[EndTime "15:56:50 PST"]
[Termination "HajiyevKanan won by resignation"]

1. d4 d5 2. c4 e6 3. cxd5 exd5 4.
Nc3 c6 5. Nf3 Nf6 6. Qc2 Be7 7.
Bf4 g6 8. e3 Bf5 9. Bd3 Bxd3 10.
Qxd3 O-O 11. O-O Nbd7 12. Rab1 Re8 13. Qc2 a5 14. h3 Nf8 15. a3 Bd6 16. Ne5 Qe7 17.
Rfc1 N8d7 18. Nxd7 Nxd7 19. Bxd6 Qxd6 20. b4 axb4 21.
axb4 b5 22. Ne2 Ra6 23. Nf4 Nb6 24. Nd3 Nc4 25. Ra1 Rea8 26. Rxa6 Rxa6 27. Nc5 Ra3 28. e4 Qf4 29. Re1 Ra8 30. g3 Qf6 31. e5 Qf3 32. Qe2 Qxe2 33. Rxe2 Ra1+ 34. Kg2 Rd1 35. e6 fxe6 36. Rxe6 Rxd4 37. Rxc6 Rd2 38. Rc7 d4 39. Ne4 Rc2 40. Nf6+ Kf8 41. Nxh7+ Ke8 42. Nf6+ Kf8 43.
Rd7 Ne3+ 44. Kf3 Nf5 45. g4 Rc3+ 46. Ke4 Ne7 47. Rxd4 Rxh3 48. f3 Kf7 49. Nd5 Nc6 50. Rd2 Rh1 51. Ra2 Re1+ 52. Kf4 Rd1 53. Ra6 Rd4+ 54. Ke3 Rxd5 55. Rxc6 Rd1 56. Rc5 Re1+ 57. Kf4 Rb1 58. Rxb5 Kf6 59. Rb6+ Kf7 60. Kg5 Rb3 61. Rb7+ Ke6 62. f4 Rg3 63. Rb6+ Kd5 64. Rxg6 Kc4 65.
Rb6 1-0

[Event "Late-Titled-Tuesday-Blitz-January-16-2024"]
[Site "Chess.com"]
[Date "2024.01.16"]
[Round "10"]
[White "dasatcu90"]
[Black "protectiago"]
[Result "0-1"]
[WhiteElo "2221"]
[BlackElo "2066"]
[TimeControl "180+1"]
[EndTime "15:56:53 PST"]
[Termination "protectiago won on time"]

1. d4 d5 2. Nf3 Nf6 3. e3 e6 4. Bd3 c5 5. c3 Nc6 6. Nbd2 Bd6 7. O-O b6 8. dxc5 bxc5 9. e4 Qc7 10. Qe2 O-O 11. Re1 Nd7 12. Nf1 Nde5 13. Nxe5 Nxe5 14. Bc2 a5 15. Qh5 g6 16. Qh3 Re8 17. Bh6 d4 18.
Rad1 Nc6 19. Qh4 e5 20. Qf6 Bf8 21. Bxf8 Rxf8 22. Ng3 Be6 23. h4 Qe7 24. Qf3 Qxh4 25. Ba4 Rac8 26. Rc1 Rfd8 27. Red1 Bxa2 28. b3 c4 29.
Bxc6 Rxc6 30. bxc4 Bxc4 31. cxd4 exd4 32. e5 Rcc8 33. Ne4 f5 34. Nf6+ Kf7 35. Qb7+ Kf8 36.
Nxh7+ Kg8 37. Nf6+ Kf8 0-1

[Event "Late-Titled-Tuesday-Blitz-January-16-2024"]
[Site "Chess.com"]
[Date "2024.01.16"]
[Round "10"]
[White "Grischuk"]
[Black "BilodeauA"]
[Result "1-0"]
[WhiteElo "3074"]
[BlackElo "2923"]
[TimeControl "180+1"]
[EndTime "15:56:54 PST"]
[Termination "Grischuk won on time"]

1. d4 d5 2. Nf3 Nf6 3. Bf4 e6 4. e3 Bd6 5. Nbd2 O-O 6. Ne5 Nfd7 7. Bd3 Nc6 8. Ndf3 f6 9. Nxc6 bxc6 10. Bg3 e5 11. dxe5 fxe5 12. e4 Nc5 13. Qe2 Bg4 14. O-O-O Qf6 15. Rhe1 d4 16. Bc4+ Kh8 17. Kb1 Rab8 18.
Ka1 Bxf3 19. gxf3 Qxf3 20. h4 Qxe2 21. Rxe2 Nd7 22. h5 Nf6 23. Rh1 h6 24. a3 c5 25.
Ka2 Nh7 26. Bh4 Rbe8 27. Bb5 Rb8 28. Bc4 c6 29. Rh3 Rbe8 30. Rb3 Be7 31. Bg3 Bd8 32. Rb7 Bb6 33. Bh4 Rf4 34. Be7 Nf6 35. Bxf6 Rxf6 36.
a4 Ref8 37. f3 Rxf3 38. Rg2 Rg8 39. Bxg8 Kxg8 40. Rgxg7+ 1-0

[Event "Late-Titled-Tuesday-Blitz-January-16-2024"]
[Site "Chess.com"]
[Date "2024.01.16"]
[Round "10"]
[White "bazar-wokzal"]
[Black "GlavkonVVS"]
[Result "0-1"]
[WhiteElo "2557"]
[BlackElo "2490"]
[TimeControl "180+1"]
[EndTime "15:56:55 PST"]
[Termination "GlavkonVVS won by resignation"]

1. e4 Nf6 2. e5 Nd5 3. c4 Nb6 4. d4 d6 5. f4 dxe5 6. fxe5 c5 7. d5 g6 8. Nf3 Bg4 9. Bf4 Bg7 10. Nc3 O-O 11.
h3 Bxf3 12. Qxf3 e6 13. O-O-O exd5 14. cxd5 N8d7 15. Qg3 Re8 16. Re1 c4 17. h4 h5 18.
e6 Nc5 19. Bc7 Qf6 20. Bxb6 axb6 21. Bxc4 Qd4 22. exf7+ Kxf7 23. Rhf1+ Kg8 24. Rxe8+ Rxe8 25. Qxg6 Rf8 26. Rxf8+ Kxf8 27. Bb5 Qg1+ 28. Kc2 Qf2+ 29. Ne2 Qe3 30. Qxh5 Qe4+ 31. Kc1 Bxb2+ 32. Kxb2 Qb4+ 33. Kc2 Qxb5 34. Qf5+ Ke8 35. Nc3 Qc4 36. h5 b5 37.
Qe5+ Kd8 38. d6 Qd3+ 39. Kb2 Qd2+ 40. Ka3 b4+ 41. Kxb4 Nd3+ 42. Kb5 Nxe5 43. Na4 Qxd6 44.
h6 Qc6+ 45. Kb4 Qxh6 46. Nc5 Qb6+ 0-1

[Event "Late-Titled-Tuesday-Blitz-January-16-2024"]
[Site "Chess.com"]
[Date "2024.01.16"]
[Round "10"]
[White "kai_nov"]
[Black "DonJuan_34"]
[Result "1-0"]
[WhiteElo "2293"]
[BlackElo "2398"]
[TimeControl "180+1"]
[EndTime "15:56:57 PST"]
[Termination "kai_nov won by checkmate"]

1. d4 Nf6 2. c4 g6 3. f3 Bg7 4.
e4 d6 5. Nc3 O-O 6. Bg5 c5 7. d5 h6 8. Be3 e6 9. Qd2 exd5 10.
cxd5 Re8 11. a4 Nbd7 12. Nh3 Ne5 13. Nf2 h5 14. h3 a6 15. Be2 Rb8 16. O-O b5 17.
axb5 axb5 18. Nxb5 Qb6 19. b4 Bd7 20. bxc5 dxc5 21. Rab1 Rec8 22. f4 Neg4 23. hxg4 hxg4 24. g3 Nh5 25. Kh2 f5 26. e5 Qd8 27. Nd6 Rxb1 28.
Rxb1 Ra8 29. Bc4 g5 30. Nb7 Qe8 31. e6 Nxf4 32. gxf4 Qh5+ 33. Kg2 g3 34. Kxg3 Ra3 35. Rb3 Ra1 36. Kg2 gxf4 37. Bxf4 Bd4 38. Rg3+ Kh7 39. Rh3 Rg1+ 40. Kxg1 Qxh3 41. Qxd4 Qh4 42. Qe3 Be8 43. d6 Bc6 44. Qg3 Qh5 45. e7 Bxb7 46.
Qg8# 1-0

[Event "Late-Titled-Tuesday-Blitz-January-16-2024"]
[Site "Chess.com"]
[Date "2024.01.16"]
[Round "10"]
[White "chika-lily"]
[Black "TigrVShlyape"]
[Result "1/2-1/2"]
[WhiteElo "2771"]
[BlackElo "2944"]
[TimeControl "180+1"]
[EndTime "15:56:58 PST"]
[Termination "Game drawn by repetition"]

1. d4 f5 2. h3 d5 3. g4 fxg4 4. hxg4 Bxg4 5. Nc3 Nf6 6. Qd3 Nc6 7. Bf4 Qd7 8. Bh3 Nb4 9. Qd2 O-O-O 10. a3 Nc6 11. Nb5 a6 12. Nxc7 Bxh3 13. Nxh3 e5 14. dxe5 Ne4 15. e6 Qe7 16. Qe3 Qf6 17. O-O-O Bc5 18. Qb3 d4 19. Kb1 Bd6 20. Nd5 Qf5 21. Nb6+ Kc7 22.
Bxd6+ Rxd6 23. Nc4 Rxe6 24. Qd3 Rf8 25. f3 Ng3 26.
Qxf5 Rxf5 27. Rhg1 Nxe2 28. Rxg7+ Kb8 29. Ng5 Rg6 30.
Rxg6 hxg6 31. Ne4 Rxf3 32. Rh1 Rf8 33. Ncd6 Nf4 34. Rh7 Ne6 35. Rxb7+ Ka8 36. Nd2 Ne5 37. Re7 Rf6 38. Ka2 Nc6 39. Rh7 Nc5 40. N2c4 Na4 41. b3 Nc3+ 42. Kb2 Nd5 43. Rh8+ Ka7 44. Rh7+ Ka8 45.
Rh8+ Ka7 46. Rh7+ Ka8 1/2-1/2

[Event "Late-Titled-Tuesday-Blitz-January-16-2024"]
[Site "Chess.com"]
[Date "2024.01.16"]
[Round "10"]
[White "Aguiar94"]
[Black "ToddBryant"]
[Result "1-0"]
[WhiteElo "2497"]
[BlackElo "2299"]
[TimeControl "180+1"]
[EndTime "15:56:58 PST"]
[Termination "Aguiar94 won by checkmate"]

1. e4 c5 2. Nf3 d6 3. d4 cxd4 4. Qxd4 Nc6 5. Bb5 Bd7 6. Bxc6 Bxc6 7. Bg5 Nf6 8. Nc3 e6 9. O-O-O Be7 10. Rhe1 O-O 11. Qd2 h6 12. Bxh6 gxh6 13. Qxh6 Nh7 14. h4 Bf6 15. e5 Bg7 16. Qe3 Bxf3 17. gxf3 Bxe5 18. f4 Bxc3 19. Qxc3 Qf6 20. Qe3 d5 21.
Rg1+ Kh8 22. Rg5 Rg8 23. Rh1 Rac8 24. Kb1 Rc4 25. f5 Rxh4 26. Rxg8+ Kxg8 27. Qg3+ Kf8 28. Qxh4 Qxh4 29. Rxh4 Nf6 30. fxe6 fxe6 31. c4 Ke7 32.
c5 Kd7 33. b4 Ne4 34. f3 Nd2+ 35. Kc2 Nxf3 36. Rh7+ Kc6 37. Re7 e5 38. a4 e4 39. Kc3 d4+ 40. Kc4 e3 41. b5# 1-0

[Event "Late-Titled-Tuesday-Blitz-January-16-2024"]
[Site "Chess.com"]
[Date "2024.01.16"]
[Round "10"]
[White "mbojan"]
[Black "Ekko_li"]
[Result "1-0"]
[WhiteElo "2865"]
[BlackElo "2709"]
[TimeControl "180+1"]
[EndTime "15:56:59 PST"]
[Termination "mbojan won by resignation"]

1. a3 g6 2. d4 Bg7 3. e4 d6 4.
Nc3 a6 5. f4 b5 6. Nf3 Nd7 7. Bd3 c5 8. dxc5 Nxc5 9. Be3 Bb7 10. O-O Rc8 11. Qe2 Nf6 12. Bxc5 Rxc5 13. e5 Nh5 14. e6 f5 15. Ng5 Qb6 16. Kh1 O-O 17. Rae1 Rfc8 18. Nd1 b4 19. axb4 Qxb4 20. c3 Qa4 21.
Qd2 Nf6 22. Ne3 Qb3 23. Nc2 Qxb2 24. Rb1 Qxc3 25. Qxc3 Rxc3 26. Rxb7 Rxd3 27. Ne1 Rd1 28. Rxe7 Nd5 29. Rd7 Ne3 30. Rg1 Re8 31. e7 Bf6 32. Nef3 Rxe7 33. Rxd1 Rxd7 34. Rb1 Bxg5 35. Nxg5 h6 36.
Rb8+ Kg7 37. Ne6+ Kf6 38. Nd4 g5 39. fxg5+ hxg5 40. Kg1 f4 41. Rb6 Ke5 42. Nf3+ Kf5 43. Rxa6 g4 44. Nd4+ Ke4 45. Ra4 Ke5 46. Nc6+ Kf5 47.
Nd4+ Kg5 48. Ne6+ Kf5 49. Nxf4 Rc7 50. Ne2 Kg5 51. Kf2 Nf5 52. Ra5 Rc5 53. Ra8 Rc2 54.
Rg8+ Kf6 55. Rxg4 d5 56. Ke1 d4 57. Rf4 d3 58. Rxf5+ Kxf5 59. Nd4+ 1-0

[Event "Late-Titled-Tuesday-Blitz-January-16-2024"]
[Site "Chess.com"]
[Date "2024.01.16"]
[Round "10"]
[White "dmitrijiIM"]
[Black "Angry_Twin"]
[Result "1/2-1/2"]
[WhiteElo "2897"]
[BlackElo "2974"]
[TimeControl "180+1"]
[EndTime "15:57:00 PST"]
[Termination "Game drawn by repetition"]

1. e4 e5 2. Nf3 Nc6 3. Nc3 Nf6 4.
Bb5 Bb4 5. Bxc6 dxc6 6. d3 Nd7 7. Be3 O-O 8. O-O Re8 9. Nd2 Nf8 10. a3 Bd6 11. f4 exf4 12. Bxf4 Bxf4 13. Rxf4 Be6 14.
Rf1 Ng6 15. Qf3 b5 16. Qf2 Ne5 17. h3 a5 18. Ne2 Qg5 19. Qf4 Qxf4 20. Nxf4 c5 21. a4 c6 22. b3 Red8 23. Nf3 Nxf3+ 24. Rxf3 c4 25. Nxe6 fxe6 26. dxc4 bxc4 27. Rc3 Rd4 28. Rxc4 Rxc4 29. bxc4 Rb8 30. Rd1 Rb4 31. c5 Rc4 32. Rd6 Rxc5 33. Rxe6 Rxc2 34. Re8+ Kf7 35. Ra8 Rc4 36.
Rxa5 Rxe4 37. Rc5 Rxa4 38. Rxc6 Ra2 39. Kh2 h6 40. Rc7+ Kg6 41. Rc3 Rb2 42. Rd3 Kf6 43. Rf3+ Kg6 44. Rg3+ Kh7 45. Re3 g5 46. Re7+ Kg6 47.
Re6+ Kg7 48. Ra6 Rb3 49. Ra2 h5 50. Rc2 Kg6 51. Rc6+ Kg7 52. Rc7+ Kg6 53. Rc6+ Kg7 54. Rc5 Kg6 55. Rc6+ 1/2-1/2

[Event "Late-Titled-Tuesday-Blitz-January-16-2024"]
[Site "Chess.com"]
[Date "2024.01.16"]
[Round "10"]
[White "jjbolanos"]
[Black "Heinza9"]
[Result "0-1"]
[WhiteElo "2110"]
[BlackElo "2323"]
[TimeControl "180+1"]
[EndTime "15:57:00 PST"]
[Termination "Heinza9 won on time"]

1. e4 e5 2. Nf3 Nc6 3. Bb5 f5 4. Nc3 Nf6 5. exf5 e4 6. Ng5 d5 7.
Ne6 Bxe6 8. fxe6 Qd6 9. d4 Qxe6 10. O-O Bd6 11. Nxd5 Qxd5 12. c4 Qh5 13. Qxh5+ Nxh5 14. d5 a6 15. Ba4 b5 16. cxb5 Ne7 17. bxa6+ Kf7 18. Bb5 Rhf8 19. Bc4 Kg8 20. g3 Nf6 21. Bg5 Nc8 22. Rfd1 Nb6 23. Bb5 Ng4 24. Be3 Nxe3 25.
fxe3 Bc5 26. Re1 Rf3 27. Kg2 Bxe3 28. Rf1 Rxf1 29. Rxf1 Bd4 30. b3 e3 31. Rc1 Ra7 32. Bc4 Kf8 33. Rf1+ Ke7 34. Rf4 Bc5 35. Re4+ Kd7 36.
Bb5+ Kd6 37. Re8 Nxd5 38. Rd8+ Ke5 39. Kf3 c6 40. Bxc6 Ne7 41. Rd1 Rxa6 42. Ba4 Rf6+ 43. Ke2 Rf2+ 44. Ke1 Nd5 45. Bc6 Nc3 46. Rd7 Rxh2 47.
Kf1 e2+ 48. Ke1 Bf2+ 49. Kd2 e1=Q+ 0-1

[Event "Late-Titled-Tuesday-Blitz-January-16-2024"]
[Site "Chess.com"]
[Date "2024.01.16"]
[Round "10"]
[White "vladislavkovalev"]
[Black "ChristopherYoo"]
[Result "0-1"]
[WhiteElo "2838"]
[BlackElo "2987"]
[TimeControl "180+1"]
[EndTime "15:57:02 PST"]
[Termination "ChristopherYoo won on time"]

1. e4 e5 2. Nf3 Nc6 3. Bb5 Nf6 4. O-O Nxe4 5. Re1 Nd6 6. Nxe5 Be7 7. Bf1 Nxe5 8. Rxe5 O-O 9. d4 Bf6 10. Re1 Re8 11.
c3 Rxe1 12. Qxe1 Nf5 13. a4 a5 14. Bf4 d5 15. Bxc7 Qf8 16. Nd2 Bd8 17. Bxd8 Qxd8 18. Nf3 Be6 19. Qd2 Nd6 20. Re1 Qb6 21. Ne5 Ne4 22. Qc2 f6 23. Nd3 Rc8 24. Qe2 Bf7 25. f3 Nd6 26. Qf2 Qc7 27. Nc5 b6 28. Ne6 Qd7 29. Nf4 Qxa4 30. h4 Re8 31. Bd3 g6 32.
g4 Qd7 33. Kg2 a4 34. Rxe8+ Qxe8 35. Qe2 Qxe2+ 36. Bxe2 g5 37. hxg5 fxg5 38. Nh3 h6 39.
Kf2 Kg7 40. Ke3 Kf6 41. Nf2 h5 42. f4 h4 43. fxg5+ Kxg5 44. Nh3+ Kf6 45. Kf4 Be6 46. Ng5 Bd7 47. Nf3 h3 48. Kg3 Ne4+ 49. Kxh3 Nxc3 50.
Bd3 Nd1 51. Kg3 Nxb2 52. Bb1 a3 53. g5+ Kg7 54. Kf4 Nd3+ 55. Ke3 Nb4 56. Ne5 Bf5 57. Bxf5 a2 0-1

[Event "Late-Titled-Tuesday-Blitz-January-16-2024"]
[Site "Chess.com"]
[Date "2024.01.16"]
[Round "10"]
[White "GMCorinnaKopff"]
[Black "Verony64"]
[Result "1-0"]
[WhiteElo "2332"]
[BlackElo "2189"]
[TimeControl "180+1"]
[EndTime "15:57:03 PST"]
[Termination "GMCorinnaKopff won by resignation"]

1. e4 e5 2. Nf3 d6 3. d4 Nd7 4.
Nc3 c6 5. Bc4 Be7 6. a4 Ngf6 7.
O-O O-O 8. Re1 Qc7 9. b3 b6 10. Bb2 Bb7 11. Qe2 a6 12. Rad1 b5 13. Bd3 Rfe8 14.
h3 Rac8 15. Nh4 exd4 16. Nb1 Qb6 17. Nf5 Bf8 18. f4 c5 19. axb5 axb5 20. Qf3 g6 21. Ng3 c4 22. Bf1 c3 23. Bc1 b4 24. Bc4 Bg7 25. Rf1 Nc5 26. Rde1 Qc6 27. f5 Ncxe4 28. fxg6 hxg6 29. Kh1 Ng5 30. Qxc6 Bxc6 31. Bxg5 Nh7 32.
Bxf7+ Kh8 33. Bxe8 Rxe8 34. Rxe8+ Bxe8 35. Be7 Be5 36. Ne4 Kg7 37. Bxd6 Bxd6 38. Nxd6 Bc6 39.
Nc4 Nf6 40. Rd1 Be4 41. Rxd4 Bxc2 42. Ne3 Bxb1 43. Rxb4 c2 44. Rc4 Nh5 45. Rc7+ Kf6 46. b4 Ng3+ 47. Kh2 Ne2 48. b5 c1=Q 49. Rxc1 Nxc1 50. Nd5+ Ke5 51. b6 Be4 52. b7 Bxd5 53.
b8=Q+ Kd4 54. Qf4+ Be4 55. Qxc1 Ke5 56. Qg5+ Bf5 57. g4 Ke6 58. gxf5+ 1-0